 Dungeon Crawl Stone Soup version 0.31-a0-152-g6aa68a64a1 (webtiles) character file.

Game seed: 18419316555787039032

787 qw the Shooter (level 7, -2/66 HPs)
             Began as a Naga Hunter on June 10, 2023.
             Was an Initiate of Okawaru.
             Slain by an orc
             ... wielding a +0 flail
              (4 damage)
             ... on level 5 of the Dungeon.
             The game lasted 00:01:31 (3365 turns).

qw the Shooter (Naga Hunter)                        Turns: 3365, Time: 00:01:32

Health: -2/66      AC: 10    Str: 13    XL:     7   Next: 87%
Magic:  7/7        EV: 10    Int: 10    God:    Okawaru [......]
Gold:   255        SH:  0    Dex: 16    Spells: 6/6 levels left

rFire   . . .        Y - +1 shortbow
rCold   . . .        (shield currently unavailable)
rNeg    . . .        c - +0 leather armour
rPois   +            f - +2 helmet
rElec   .            (no cloak)
rCorr   .            (no gloves)
SInv    +            (no barding)
Will    .....        (no amulet)
Stlth   ++           e - +4 ring of protection
HPRegen 0.31/turn    (no ring)
MPRegen 0.10/turn

%: no passive effects
@: very slow
A: AC +2, large, see invisible, deformed body, poison resistance, slowness 2,
spit poison 1, naga tail 1
a: Spit Poison, Renounce Religion


You were on level 5 of the Dungeon.
You worshipped Okawaru.
Okawaru was noncommittal.
You visited 1 branch of the dungeon, and saw 5 of its levels.

You collected 255 gold pieces.


Innate Abilities, Weirdness & Mutations

Your serpentine skin is tough. (AC +2)
You have supernaturally acute eyesight. (SInv)
Armour fits poorly on your strangely shaped body.
Your system is resistant to poisons. (rPois)
You cover ground very slowly.
You can spit poison.
You have a snake-like lower body.


   Skills:
 - Level 4.6 Fighting
 + Level 7.4 Ranged Weapons
 - Level 2.4 Dodging
 - Level 1.5 Stealth


You had 6 spell levels left.
You didn't know any spells.
Your spell library was empty.

Inventory:

Hand Weapons
 Y - a +1 shortbow (weapon)
Armour
 c - a +0 leather armour (worn)
 f - a +2 helmet (worn)
Jewellery
 e - a +4 ring of protection (left hand)
Scrolls
 b - a scroll of identify
Potions
 h - 2 potions of curing

Dungeon Overview and Level Annotations

Branches:
Dungeon (5/15)
 Temple: D:4-7

Altars:
Fedhas
Gozag
Okawaru
Qazlal
Trog
The Shining One

Annotations:
D:3 2 transporters, qw's ghost, amateur GrFi
D:5 Menkaure


Message History

You have got your breath back.
The orc closely misses you. The iguana bites you.
3359 ||| INVOKING Spit Poison.
Aiming: Spit Poison (1% risk of failure)
Press: ? - help, Shift-Dir - straight line, f/p - iguana The splash of poison hits the iguana.
The iguana is severely wounded.
An ogre comes into view. It is wielding a +0 giant club.
The iguana closely misses you.
You shoot an arrow. The arrow hits the iguana!
You kill the iguana!
Okawaru accepts your kill.
The orc wizard gestures wildly while chanting.
The orc wizard flickers and vanishes for a moment.
The orc hits you with a +0 flail. Menkaure barely misses you.
You shoot an arrow.
The arrow hits Menkaure but does no damage.
Menkaure barely misses you.
The orc wizard hits you but does no damage.
The orc hits you but does no damage.
You shoot an arrow. The arrow hits Menkaure.
Menkaure is lightly damaged.
Menkaure hits you but does no damage.
The orc wizard hits you with the +1 hand axe of the Hidden Beds {flame, Drain rF+++ Dex-3 SInv}.
The orc wizard burns you. The orc barely misses you.
You shoot an arrow. The arrow barely misses Menkaure.
The arrow hits the ogre but does no damage.
Menkaure closely misses you.
The orc wizard gestures at you while chanting.
You easily resist.
The orc hits you but does no damage.
You shoot an arrow.
The arrow hits Menkaure but does no damage.
Menkaure is lightly damaged.
The sentinel's mark upon you fades away.
Menkaure barely misses you. Menkaure closely misses you.
You shoot an arrow. The arrow barely misses Menkaure.
The arrow hits the ogre.
The ogre is moderately wounded.
You have got your breath back.
The orc hits you with a +0 flail.
You die...

#......#
#......#
##......#
##.....).#
##......<.# #
##.........#
#.
#...#......#
#.#o##########
#oo@#
......#M#
#####.#O# #
.o# .## .. #.
#.


You could see an ogre, Menkaure (fast), an orc wizard (invisible) and 3 orcs.

Vanquished Creatures
  Sigmund (D:3)
  2 ogres
  A scorpion (D:4)
  An orc priest (D:3)
  A hound (D:5)
  Terence (D:2)
  A gnoll bouda (D:4)
  Ijyb (D:4)
  2 iguanas (D:5)
  An orc wizard (D:4)
  5 gnolls (D:4)
  6 adders
  A white imp (D:5)
  13 orcs
  13 endoplasms
  4 giant cockroaches
  5 goblins
  5 hobgoblins
  A jackal (D:4)
  4 quokkas
  5 ball pythons
  3 bats
  2 frilled lizards (D:2)
  10 kobolds
  5 rats
94 creatures vanquished.

Notes
Turn   | Place    | Note
-------+----------+-------------------------------------------
     0 | D:1      | qw the Naga Hunter began the quest for the Orb.
     0 | D:1      | Reached XP level 1. HP: 19/19 MP: 1/1
     0 | D:1      | 0 ||| qw: Version: 0.2-a-123-gb51047a
     0 | D:1      | 0 ||| qw: Game counter: 3779
     0 | D:1      | 0 ||| qw: Always use a shield: true
     0 | D:1      | 0 ||| qw: God list: Okawaru
     0 | D:1      | 0 ||| qw: Allow faded altars: false
     0 | D:1      | 0 ||| qw: Do Orc after D:15 true
     0 | D:1      | 0 ||| qw: Do second Lair branch before Depths: true
     0 | D:1      | 0 ||| qw: Lair rune preference: random
     0 | D:1      | 0 ||| qw: Plans: Normal
     0 | D:1      | 0 ||| PLANNING D:1-11
    36 | D:1      | 36 ||| INVOKING Spit Poison.
    56 | D:1      | 56 ||| INVOKING Spit Poison.
    60 | D:1      | 60 ||| INVOKING Spit Poison.
    95 | D:1      | 95 ||| INVOKING Spit Poison.
   155 | D:1      | 155 ||| INVOKING Spit Poison.
   160 | D:1      | Reached skill level 4 in Ranged Weapons
   160 | D:1      | Reached XP level 2. HP: 26/26 MP: 2/2
   161 | D:1      | 161 ||| INVOKING Spit Poison.
   205 | D:1      | 205 ||| INVOKING Spit Poison.
   220 | D:1      | 220 ||| INVOKING Spit Poison.
   224 | D:1      | 224 ||| INVOKING Spit Poison.
   267 | D:1      | 267 ||| INVOKING Spit Poison.
   332 | D:1      | 332 ||| INVOKING Spit Poison.
   415 | D:1      | 415 ||| INVOKING Spit Poison.
   584 | D:1      | 584 ||| UPGRADING to +2 helmet.
   589 | D:1      | 589 ||| READING scroll labelled FELARPHOSCH.
   590 | D:1      | 590 ||| READING scroll labelled DUDI ZOTIXT.
   591 | D:1      | 591 ||| READING scroll labelled REAMARIAWK.
   592 | D:1      | 592 ||| DROPPING scroll of butterflies.
   616 | D:2      | 616 ||| INVOKING Spit Poison.
   638 | D:2      | 638 ||| INVOKING Spit Poison.
   657 | D:2      | 657 ||| INVOKING Spit Poison.
   658 | D:2      | 658 ||| INVOKING Spit Poison.
   662 | D:2      | Reached XP level 3. HP: 32/32 MP: 3/3
   701 | D:2      | 701 ||| INVOKING Spit Poison.
   725 | D:2      | Found a faded altar of an unknown god.
   742 | D:2      | 742 ||| INVOKING Spit Poison.
   766 | D:2      | 766 ||| INVOKING Spit Poison.
   814 | D:2      | 814 ||| INVOKING Spit Poison.
  1109 | D:2      | 1109 ||| INVOKING Spit Poison.
  1115 | D:2      | 1115 ||| INVOKING Spit Poison.
  1155 | D:2      | Noticed Terence
  1156 | D:2      | 1156 ||| INVOKING Spit Poison.
  1159 | D:2      | 1159 ||| INVOKING Spit Poison.
  1160 | D:2      | Killed Terence
  1161 | D:2      | Reached skill level 5 in Ranged Weapons
  1161 | D:2      | Reached XP level 4. HP: 39/39 MP: 4/4
  1207 | D:2      | 1207 ||| INVOKING Spit Poison.
  1226 | D:2      | 1226 ||| INVOKING Spit Poison.
  1329 | D:2      | 1329 ||| UPGRADING to +4 ring of protection.
  1330 | D:2      | 1330 ||| READING scroll labelled TONOCE AQIEGI.
  1331 | D:2      | 1331 ||| READING scroll labelled BILOAN SIATYPS.
  1334 | D:2      | 1334 ||| READING scroll labelled TOMMABICKI.
  1335 | D:2      | 1335 ||| READING scroll labelled ZEICWU KUSYTZ.
  1336 | D:2      | 1336 ||| READING scroll labelled UHEAG OFFEM.
  1350 | D:3      | Found a transporter.
  1362 | D:3      | 1362 ||| INVOKING Spit Poison.
  1368 | D:3      | 1368 ||| INVOKING Spit Poison.
  1373 | D:3      | 1373 ||| INVOKING Spit Poison.
  1376 | D:3      | Reached skill level 3 in Fighting
  1409 | D:3      | Reached XP level 5. HP: 49/49 MP: 5/5
  1421 | D:3      | 1421 ||| READING 2 scrolls of identify.
  1421 | D:3      | 1421 ||| IDENTIFYING puce potion
  1424 | D:3      | 1424 ||| INVOKING Spit Poison.
  1437 | D:3      | 1437 ||| INVOKING Spit Poison.
  1487 | D:3      | 1487 ||| INVOKING Spit Poison.
  1494 | D:3      | 1494 ||| INVOKING Spit Poison.
  1511 | D:3      | 1511 ||| INVOKING Spit Poison.
  1518 | D:3      | 1518 ||| INVOKING Spit Poison.
  1518 | D:3      | Noticed Sigmund
  1523 | D:3      | 1523 ||| INVOKING Spit Poison.
  1530 | D:3      | 1530 ||| INVOKING Spit Poison.
  1533 | D:3      | Killed Sigmund
  1534 | D:3      | Reached skill level 6 in Ranged Weapons
  1534 | D:3      | Reached XP level 6. HP: 51/56 MP: 6/6
  1534 | D:3      | 1534 ||| INVOKING Spit Poison.
  1561 | D:3      | Found a glowing golden altar of the Shining One.
  1563 | D:3      | Found a blossoming altar of Fedhas.
  1608 | D:3      | 1608 ||| READING scroll labelled RIOFEE NEZXESO.
  1613 | D:3      | 1613 ||| INVOKING Spit Poison.
  1616 | D:3      | 1616 ||| INVOKING Spit Poison.
  1650 | D:3      | 1650 ||| INVOKING Spit Poison.
  1674 | D:3      | 1674 ||| INVOKING Spit Poison.
  1680 | D:3      | 1680 ||| INVOKING Spit Poison.
  1706 | D:3      | 1706 ||| INVOKING Spit Poison.
  1709 | D:3      | Found a transporter.
  1711 | D:3      | Noticed qw's ghost (amateur GrFi)
  1878 | D:3      | 1878 ||| READING 2 scrolls labelled KIUNWO GORHO.
  1879 | D:3      | 1879 ||| READING 2 scrolls of identify.
  1879 | D:3      | 1879 ||| IDENTIFYING silvery potion
  1880 | D:3      | 1880 ||| DROPPING scroll of vulnerability.
  1881 | D:3      | 1881 ||| DROPPING potion of lignification.
  1913 | D:4      | 1913 ||| INVOKING Spit Poison.
  2024 | D:4      | Found a stormy altar of Qazlal.
  2025 | D:4      | Found a bloodstained altar of Trog.
  2062 | D:4      | 2062 ||| INVOKING Spit Poison.
  2065 | D:4      | 2065 ||| INVOKING Spit Poison.
  2068 | D:4      | 2068 ||| INVOKING Spit Poison.
  2072 | D:4      | 2072 ||| INVOKING Spit Poison.
  2196 | D:4      | 2196 ||| INVOKING Spit Poison.
  2199 | D:4      | Reached XP level 7. HP: 66/66 MP: 7/7
  2223 | D:4      | 2223 ||| INVOKING Spit Poison.
  2242 | D:4      | 2242 ||| INVOKING Spit Poison.
  2259 | D:4      | 2259 ||| INVOKING Spit Poison.
  2270 | D:4      | 2270 ||| INVOKING Spit Poison.
  2271 | D:4      | 2271 ||| Stepping ~*~*~tactically~*~*~ (outnumbered).
  2276 | D:4      | 2276 ||| INVOKING Spit Poison.
  2282 | D:4      | 2282 ||| INVOKING Spit Poison.
  2295 | D:4      | 2295 ||| INVOKING Spit Poison.
  2298 | D:4      | 2298 ||| Stepping ~*~*~tactically~*~*~ (outnumbered).
  2303 | D:4      | 2303 ||| Stepping ~*~*~tactically~*~*~ (outnumbered).
  2304 | D:4      | 2304 ||| Stepping ~*~*~tactically~*~*~ (outnumbered).
  2305 | D:4      | 2305 ||| INVOKING Spit Poison.
  2309 | D:4      | 2309 ||| INVOKING Spit Poison.
  2343 | D:4      | Found an iron altar of Okawaru.
  2343 | D:4      | Noticed Ijyb
  2344 | D:4      | 2344 ||| PLANNING OKAWARU WORSHIP
  2345 | D:4      | 2345 ||| INVOKING Spit Poison.
  2350 | D:4      | 2350 ||| FLEEEEING.
  2351 | D:4      | 2351 ||| FLEEEEING.
  2352 | D:4      | 2352 ||| FLEEEEING.
  2353 | D:4      | 2353 ||| FLEEEEING.
  2354 | D:4      | 2354 ||| FLEEEEING.
  2355 | D:4      | 2355 ||| FLEEEEING.
  2356 | D:4      | 2356 ||| FLEEEEING.
  2357 | D:4      | 2357 ||| FLEEEEING.
  2577 | D:4      | 2577 ||| INVOKING Spit Poison.
  2583 | D:4      | 2583 ||| INVOKING Spit Poison.
  2586 | D:4      | Killed Ijyb
  2864 | D:4      | Found an opulent altar of Gozag.
  2865 | D:4      | 2865 ||| READING scroll labelled HIVAOL ZIUSAYCH.
  2938 | D:4      | Became a worshipper of Warmaster Okawaru
  2938 | D:4      | 2938 ||| PLANNING D:1-11
  3009 | D:4      | 3009 ||| INVOKING Spit Poison.
  3028 | D:4      | 3028 ||| INVOKING Spit Poison.
  3035 | D:4      | 3035 ||| INVOKING Spit Poison.
  3040 | D:4      | Reached skill level 7 in Ranged Weapons
  3040 | D:4      | 3040 ||| INVOKING Spit Poison.
  3044 | D:4      | 3044 ||| INVOKING Spit Poison.
  3051 | D:4      | 3051 ||| INVOKING Spit Poison.
  3316 | D:5      | Entered Level 5 of the Dungeon
  3317 | D:5      | 3317 ||| INVOKING Spit Poison.
  3320 | D:5      | 3320 ||| INVOKING Spit Poison.
  3332 | D:5      | 3332 ||| INVOKING Spit Poison.
  3342 | D:5      | 3342 ||| INVOKING Spit Poison.
  3345 | D:5      | 3345 ||| INVOKING Spit Poison.
  3347 | D:5      | Noticed Menkaure
  3348 | D:5      | 3348 ||| INVOKING Spit Poison.
  3354 | D:5      | 3354 ||| INVOKING Spit Poison.
  3355 | D:5      | HP: 12/66 [Menkaure/nerve-wracking pain (13)]
  3357 | D:5      | Identified the +1 hand axe of the Hidden Beds {flame, Drain
                  | rF+++ Dex-3 SInv}
  3359 | D:5      | 3359 ||| INVOKING Spit Poison.
  3360 | D:5      | HP: 7/66 [orc/+0 flail (1)]
  3362 | D:5      | HP: 2/66 [orc wizard/the +1 hand axe of the Hidden Beds
                  | {flame, Drain rF+++ Dex-3 SInv} (5)]
  3365 | D:5      | Slain by an orc

Levels and vault maps discovered:
D:1:      minmay_arrival_diagonal_passages, layout_basic
D:2:      kennysheep_six_static_rooms, layout_basic,
          ebering_ecumenical_altar_webs, uniq_terence
D:3:      layout_rooms, chequers_temple_overflow_statue_of_worship,
          gammafunk_ghost_mausoleum, serial_glass, glass_columns_a,
          glass_columns_a, minmay_strange_pillars, item_on_display_a,
          small_statue_alley_b, uniq_sigmund
D:4:      kennysheep_spiral_hall, layout_basic,
          mainiacjoe_overflow_divided_tiny,
          mainiacjoe_overflow_concentric_impassable,
          nicolae_gozag_cash_rules_everything_around_me, uniq_ijyb
D:5:      layout_rooms, uniq_menkaure

Skill      XL: |  1  2  3  4  5  6  7 |
---------------+----------------------+-----
Ranged Weapons | 4 5 6 7 |  7.4
Fighting       | 3 4 |  4.6
Dodging        | 2 |  2.4
Stealth        | |  1.5

Action                     |  1- 3 |  4- 6 |  7- 9 || total
---------------------------+-------+-------+-------++-------
   Fire: Shortbow          |    68 |    79 |    91 ||   238
Ability: Spit Poison       |    23 |    26 |    26 ||    75
    Use: Scroll            |     3 |     9 |     1 ||    13
 Armour: Leather armour    |     7 |     8 |    23 ||    38
  Dodge: Dodged            |     8 |    18 |    33 ||    59

Table legend:
 A = Non-vault XP
 B = Vault XP
 C = Vault XP percentage of total XP
 D = Non-vault monster count
 E = Vault monster count
 F = Vault count percentage of total count
                 A         B        C        D         E       F
            +---------+---------+-------+---------+---------+-------
      Total |     610 |     515 |  45.8 |      81 |      13 |  13.8
            +---------+---------+-------+---------+---------+-------
        D:1 |      26 |       0 |   0.0 |      17 |       0 |   0.0
        D:2 |      36 |      49 |  57.6 |      14 |       7 |  33.3
        D:3 |     108 |     223 |  67.4 |      22 |       1 |   4.3
        D:4 |     198 |     243 |  55.1 |      20 |       5 |  20.0
        D:5 |     242 |       0 |   0.0 |       8 |       0 |   0.0
            +---------+---------+-------+---------+---------+-------
